Cogmind - Beta 16 @@@ ROGUE MODE // 2025.11.22 @ 13:49:10 Player: GermanMO Result: Destroyed by ZD-85W(R) with Subdweller Machine Gun Performance ------------- Evolutions (0) 0 Regions Visited (3) 600 Robots Destroyed (15) 75 Value Destroyed (338) 338 Prototype IDs (0) 0 Alien Tech Used (0) 0 Bonus (0) 0 TOTAL SCORE: 1013 Bonus ------- None Cogmind --------- Core Integrity 0/250 Matter 129/300 Energy 170/170 System Corruption 0% Temperature Cool (0) Movement Rolling (100) Location -10/Subcaves Parts ------- > --- POWER (1) -------- Makeshift Power Source > --- PROPULSION (2) --- Compact Wheel > --- UTILITY (2) ------ (None) > --- WEAPON (2) ------- (None) > --- INVENTORY (5) ---- Improved Terrain Scanner Peak State ------------ > --- POWER ------------ Makeshift Power Source > --- PROPULSION ------- Compact Wheel Subdweller Monowheel > --- UTILITY ---------- (None) > --- WEAPON ----------- Subdweller Shrapnel Launcher > --- INVENTORY -------- Subdweller Monowheel Improved Terrain Scanner [Rating: 9] Favorites ----------- Power Ion Engine Engine Ion Engine Propulsion Compact Wheel Wheel Compact Wheel Utility Seismic Detector Device Seismic Detector Storage High-capacity Matter Pod Weapon Assault Rifle Ballistic Gun Assault Rifle Launcher Subdweller Shrapnel Launcher Build | -11 -10 -10 -10 ------- Run | Yrd Mat Min Sub Slots Evolved . | . . . . Power . | . . . . Propulsion . | . . . . Utility . | . . . . Weapon . | . . . . Parts Attached 12 | 6 1 . 5 Power 2 | 1 . . 1 Engine 2 | 1 . . 1 Core . | . . . . Reactor . | . . . . Propulsion 5 | 3 . . 2 Treads . | . . . . Leg . | . . . . Wheel 5 | 3 . . 2 Hover . | . . . . Flight . | . . . . Utility 3 | 1 1 . 1 Device 1 | . . . 1 Storage 2 | 1 1 . . Processor . | . . . . Hackware . | . . . . Protection . | . . . . Artifact . | . . . . Weapon 2 | 1 . . 1 Energy Gun . | . . . . Energy Cannon . | . . . . Ballistic Gun 1 | 1 . . . Ballistic Cannon . | . . . . Launcher 1 | . . . 1 Special Weapon . | . . . . Impact Weapon . | . . . . Slashing Weapon . | . . . . Piercing Weapon . | . . . . Special Melee Weapon . | . . . . Unidentified Prototypes . | . . . . Parts Lost 7 | . . . 7 Power 1 | . . . 1 Propulsion 3 | . . . 3 Utility 1 | . . . 1 Weapon 2 | . . . 2 Highest Loss Streak 3 | . . . 3 To Critical Strikes . | . . . . Average Backups 1 | 1 3 3 1 Power . | . . . . Propulsion . | . 1 1 . Utility 1 | . 2 2 1 Weapon . | . . . . Tool/Special . | . . . . Unused Backups 1 | . . . 1 Power . | . . . . Propulsion . | . . . . Utility 1 | . . . 1 Weapon . | . . . . Tool/Special . | . . . . Average Slot Usage (%) 52 | . 69 71 49 Engine 7 | . 14 14 6 Wheel 23 | . 28 28 22 Device 4 | . . . 5 Storage 2 | . 12 14 . Ballistic Gun 7 | . 14 14 5 Launcher 7 | . . . 8 Peak Build Rating 9 | 5 5 5 9 Average Rating 4 | 2 4 4 5 On Entrance 3 | . 4 5 4 Avg Prop Armor Cover (%) . | . . . . Naked Turns . | . . . . Heaviest Build 16 | 12 11 11 16 Greatest Support 36 | 26 20 20 36 Greatest Overweight (x) . | . . . . Average Overweight (x) . | . . . . Largest Inventory Capacity 8 | 8 5 5 5 Average Capacity 5 | 5 5 5 5 Most Carried 4 | 4 4 3 3 Average Carried 1 | 1 3 3 1 Final Capacity 5 | 5 5 5 5 Final Carried 4 | 4 3 3 1 Class Distribution -------------------- 100% | Mutant Dominant Class ---------------- Mutant | -10/Materials Mutant | -10/Mines Mutant | -10/Subcaves Resources | -11 -10 -10 -10 ----------- Run | Yrd Mat Min Sub Matter Collected 501 | 300 . 39 162 Remotely . | . . . . Salvage Created 398 | 158 . 55 185 Parts 30 | 9 . 6 15 Haulers Intercepted . | . . . . Recyclers Shooed 1 | . . 1 . Parts Field Recycled . | . . . . Retrieved Matter . | . . . . Parts Self-Destructed . | . . . . Prevented . | . . . . Parts Restored . | . . . . Kills | -11 -10 -10 -10 ------- Run | Yrd Mat Min Sub Combat Hostiles Destroyed 10 | . . 3 7 Guns 4 | . . 3 1 AOE 6 | . . . 6 Classes Destroyed 5 | 3 . 1 1 Worker 1 | 1 . . . Tunneler 3 | 3 . . . Recycler 1 | 1 . . . Swarmer 3 | . . 3 . Subdweller 7 | . . . 7 Best Kill Streak 4 | 3 . 3 4 Combat Bots Only 4 | . . 3 4 Max Kills in Single Turn 2 | 1 . 1 2 Gunslinging . | . . . . Exploded 2 | . . . 2 Melee . | . . . . Uniques/NPCs Destroyed . | . . . . Combat | -11 -10 -10 -10 -------- Run | Yrd Mat Min Sub Hostile Shots Fired 42 | . 3 11 28 Missed 14 | . 2 3 9 Hits 28 | . 1 8 19 Projectile 28 | . 1 8 19 Critical Strikes 1 | . . . 1 Damage Taken 719 | . 10 70 639 Core 254 | . . 7 247 Absorbed by Shields . | . . . . Core Remaining (%) 100 | 100 . . . Volleys Fired 46 | 10 . 7 29 Largest 1 | 1 . 1 1 Hottest 40 | 20 . 20 40 Shots Fired 46 | 10 . 7 29 Gun 33 | 10 . 7 16 Cannon . | . . . . Launcher 13 | . . . 13 Special . | . . . . Kinetic 46 | 10 . 7 29 Thermal . | . . . . Explosive . | . . . . Electromagnetic . | . . . . Robot Hit Streak 6 | 4 . 2 6 Robot Miss Streak 2 | 1 . 2 1 Penetration Max . | . . . . Secondary Targets . | . . . . Shots Hit Robots 22 | 8 . 3 11 Core Hits 21 | 5 . 3 13 Critical Kills . | . . . . Critical Parts Destroyed . | . . . . Critical Strikes . | . . . . Melee Attacks . | . . . . Impact . | . . . . Slashing . | . . . . Piercing . | . . . . Sneak Attacks . | . . . . Combat Hostiles . | . . . . Follow-up Attacks . | . . . . Damage Inflicted 939 | 102 . 38 799 Guns 211 | 102 . 38 71 Cannons . | . . . . Explosions 728 | . . . 728 Melee . | . . . . Ramming . | . . . . Kinetic 939 | 102 . 38 799 Thermal . | . . . . Explosive . | . . . . Electromagnetic . | . . . . Impact . | . . . . Slashing . | . . . . Piercing . | . . . . Highest Corruption . | . . . . Average Corruption . | . . . . Corruption Purged . | . . . . Corruption Blocked . | . . . . Overload Shots . | . . . . Overflow Damage 50 | . . . 50 Projectiles . | . . . . Explosions 50 | . . . 50 Melee . | . . . . Knockbacks . | . . . . Impact . | . . . . Kinetic . | . . . . Secondary . | . . . . Self-Inflicted Damage 119 | . . . 119 Shots 3 | . . . 3 Rammed . | . . . . Targets Rammed . | . . . . Kicked . | . . . . Crushed . | . . . . Highest Temperature . | . . . . Average Temperature . | . . . . Received Heat Transfer 72 | . 6 . 66 Siege Activations . | . . . . Martial Activations . | . . . . Shielding Activations . | . . . . Robots Disrupted . | . . . . Combat Hostiles . | . . . . Robots Corrupted . | . . . . Combat Hostiles . | . . . . Parts Fried . | . . . . Impact Corruptions . | . . . . Robots Melted . | . . . . Combat Hostiles . | . . . . Parts Melted . | . . . . Heat Transferred . | . . . . Parts Sabotaged . | . . . . Parts Stolen . | . . . . Parts Stripped . | . . . . Power Chain Reactions . | . . . . Alert | -11 -10 -10 -10 ------- Run | Yrd Mat Min Sub Maximum Alert Level . | . . . . Low Security (%) 100 | 100 100 100 . Level 1 . | . . . . Level 2 . | . . . . Level 3 . | . . . . Level 4 . | . . . . Level 5 . | . . . . High Security . | . . . . Max Security . | . . . . Peak Influence 70 | 10 3 70 . Initial 3 | . 3 . . Average 9 | . . 33 . Influence Increases 95 | 25 . 70 . Destroy 0b10 Robot/C 60 | . . 60 . Destroy 0b10 Robot/NC 25 | 25 . . . Destroy Leader 10 | . . 10 . Influence Decreases 95 | 20 5 30 40 Entered New Map 23 | . 2 . 21 Time Decay 72 | 20 3 30 19 Squads Dispatched 1 | . 1 . . Investigation 1 | . 1 . . Extermination . | . . . . Reinforcement . | . . . . Assault . | . . . . Garrison . | . . . . Intercept . | . . . . Searches Triggered . | . . . . Construction Impeded . | . . . . Haulers Reinforced . | . . . . Active Scanning Responses . | . . . . Cargo Convoy Interrupts . | . . . . Stealth | -11 -10 -10 -10 --------- Run | Yrd Mat Min Sub Distress Signals . | . . . . Communications Jammed . | . . . . Distress Signals . | . . . . Times Spotted 16 | . 4 3 9 Peak Tracking Total 4 | . 4 3 4 Tactical Retreats . | . . . . Traps | -11 -10 -10 -10 ------- Run | Yrd Mat Min Sub Traps Triggered 4 | . 1 . 3 Indirectly . | . . . . Trap Hack Attempts . | . . . . Triggered . | . . . . Disarmed . | . . . . Reprogrammed . | . . . . Reused . | . . . . Traps Extracted . | . . . . Installed . | . . . . Triggered . | . . . . Machines | -11 -10 -10 -10 ---------- Run | Yrd Mat Min Sub Machines Disabled . | . . . . Max in Single Turn . | . . . . Machines Repaired . | . . . . Machines Dismantled . | . . . . Machines Sabotaged . | . . . . Overloaded Fab Kills . | . . . . Hacking | -11 -10 -10 -10 --------- Run | Yrd Mat Min Sub Machines Accessed 2 | . 1 . 1 Terminals 1 | . 1 . . Fabricators . | . . . . Repair Stations . | . . . . Recycling Units . | . . . . Scanalyzers . | . . . . Garrison Access . | . . . . Total Hacks 5 | . 2 . 3 Successful 4 | . 1 . 3 Failed 1 | . 1 . . Catastrophic . | . . . . Database Lockouts . | . . . . Manual . | . . . . Terminals 2 | . 2 . . Fabricators . | . . . . Repair Stations . | . . . . Recycling Units . | . . . . Scanalyzers . | . . . . Garrison Access . | . . . . Terminal Hacks 4 | . 1 . 3 Record 3 | . . . 3 Hauler Manifests 1 | . 1 . . Fabricator Hacks . | . . . . Repair Station Hacks . | . . . . Recycling Unit Hacks . | . . . . Scanalyzer . | . . . . Garrison Access Hacks . | . . . . Unauthorized Hacks . | . . . . Terminals . | . . . . Fabricators . | . . . . Repair Stations . | . . . . Recycling Units . | . . . . Scanalyzers . | . . . . Garrison Access . | . . . . Data Cores Recovered . | . . . . Used . | . . . . Hacking Detections . | . . . . Full Trace Events . | . . . . Feedback Events . | . . . . Feedback Blocked . | . . . . Robot Schematics Acquired . | . . . . Robots Built . | . . . . Authchips . | . . . . Time . | . . . . Total Robot Build Rating . | . . . . Part Schematics Acquired . | . . . . Parts Built . | . . . . Authchips . | . . . . Time . | . . . . Total Part Build Rating . | . . . . Part Studies Acquired . | . . . . Parts Repaired . | . . . . Time . | . . . . Parts Recycled . | . . . . Recycled Matter . | . . . . Retrieved Matter . | . . . . Retrieved Components . | . . . . Parts Scanalyzed . | . . . . Part Schematics Acquired . | . . . . Parts Damaged . | . . . . Bothacking | -11 -10 -10 -10 ------------ Run | Yrd Mat Min Sub Used RIF Installer . | . . . . Robots Hacked . | . . . . Non-combat . | . . . . Combat . | . . . . Robot Hacks Applied . | . . . . Relay Couplers Released . | . . . . Fabnet Peak Effective % . | . . . . Robots Rewired . | . . . . Allies Hacked . | . . . . Hacks Repelled . | . . . . Allies | -11 -10 -10 -10 -------- Run | Yrd Mat Min Sub Total Allies . | . . . . Largest Group . | . . . . Highest-Rated Group . | . . . . Highest-Rated Ally . | . . . . Total Orders . | . . . . Ally Attacks . | . . . . Total Damage . | . . . . Kills . | . . . . Allies Corrupted . | . . . . Allies Melted . | . . . . Intel | -11 -10 -10 -10 ------- Run | Yrd Mat Min Sub Active Infowar (turns) 463 | . . . 463 Seismic 463 | . . . 463 Robot Analysis Total . | . . . . Derelict Logs Recovered 2 | . . 1 1 Drone Launches . | . . . . Drone Recoveries . | . . . . Exploration | -11 -10 -10 -10 ------------- Run | Yrd Mat Min Sub Turns Passed 1529 | 208 90 112 1119 Spaces Moved 1403 | 243 110 55 995 Core 155 | 155 . . . Treads . | . . . . Legs . | . . . . Wheels 1248 | 88 110 55 995 Hover . | . . . . Flight . | . . . . Fastest Speed 50 | 50 80 80 80 Average Speed 90 | 62 80 80 99 Slowest Speed 105 | 90 80 80 105 Overloaded Moves . | . . . . Propulsion Burnouts . | . . . . Robots Hopped . | . . . . Potential Cave-ins . | . . . . Cave-ins Triggered . | . . . . Exploration Rate (%) 27 | 6 33 11 60 Regions Visited 3 Branch Regions 2 Pre-discovered Areas 1 | . . . 1 Known Exits Taken . | . . . . Unknown Exits Taken 3 | 1 1 1 . Scrap Searched . | . . . . Spaces Dug 17 | . . . 17 Terrain Destroyed 186 | . . . 186 Melee . | . . . . Projectile . | . . . . AOE 186 | . . . 186 Terrain Rammed . | . . . . Walls Destroyed . | . . . . Machines Disabled . | . . . . Actions | -11 -10 -10 -10 --------- Run | Yrd Mat Min Sub Total 1604 | 288 111 116 1089 Wait 132 | 23 . 53 56 Move 1400 | 242 109 54 995 Hop . | . . . . Pick Up 4 | 3 . . 1 Fast Attach 9 | 5 1 . 3 Attach 5 | 2 . . 3 Detach 5 | 3 . 1 1 Swap . | . . . . Drop 3 | . 1 1 1 Fire 46 | 10 . 7 29 Melee . | . . . . Ram . | . . . . Kick . | . . . . Crush . | . . . . Escape Stasis . | . . . . Rewire . | . . . . Trap . | . . . . Miscellaneous . | . . . . Route ------- -11/Scrapyard -10/Materials -10/Mines (discovered 2 exits: [*Mat] / *Sub) -10/Subcaves (discovered 3 exits: *Mat x2 / Rec) History --------- Turn | Location | Event 22 | -11/Scrapyard | Discovered new exit (range 16) 209 | -11/Scrapyard | Entered Materials 285 | -10/Materials | Discovered new exit (range 10) 299 | -10/Materials | Entered Mines 316 | -10/Mines | Build established: Mutant 361 | -10/Mines | Discovered new exit (range 8) 378 | -10/Mines | Learned Materials garrison access intel 401 | -10/Mines | Discovered new exit (range 4) 411 | -10/Mines | Entered Subcaves 525 | -10/Subcaves | Visited Clippyterm 527 | -10/Subcaves | Identified exit to Materials 527 | -10/Subcaves | Identified exit to Recycling 567 | -10/Subcaves | Shifting Twisted Machinery released Sub. Optics 571 | -10/Subcaves | Shifting Twisted Machinery released Sub. Shrapnel Launcher 615 | -10/Subcaves | Lost 3 parts (1p2n) 780 | -10/Subcaves | Learned location of Zion (-7) 780 | -10/Subcaves | Met a Zionite searching for "candidates" 894 | -10/Subcaves | Shifting Twisted Machinery released Battle Rifle 908 | -10/Subcaves | Shifting Twisted Machinery released Flamer 1010 | -10/Subcaves | Ambushed by Subdweller buried in earth 1012 | -10/Subcaves | Core integrity fell below 50% 1024 | -10/Subcaves | Shifting Twisted Machinery released Battle Cannon 1027 | -10/Subcaves | Learned 2 Materials zone layouts 1525 | -10/Subcaves | Core integrity fell below 20% 1530 | -10/Subcaves | Destroyed by ZD-85W(R) with Subdweller Machine Gun Last Messages --------------- Data stored: Materials zone layouts (x2). 01134_ Subatomizers dissect the Disposable Heat Sink. 01218_ Acquired 15 matter. 01220_ Acquired Mak. Power Source. 01252_ Sub. Monowheel shoots sparks and powers down. 01254_ Dropped Broken Sub. Monowheel. 01275_ Triggered Piercing Trap. 01275_ Spikes shoot up from the floor. 01275_ Critical hit (Impale). 01275_ Sub. Shrapnel Launcher destroyed. 01293_ Triggered Piercing Trap. 01293_ Spikes shoot up from the floor. 01293_ Critical hit (Impale). 01297_ AG-7IT(u) tweaks Twisted Machinery. 01310_ Triggered Piercing Trap. 01310_ Spikes shoot up from the floor. 01310_ Critical hit (Impale). 01310_ Sub. Monowheel destroyed. 01474_ N7-39Y(u) deconstructs Twisted Machinery. 01520_ YM-7TE(R) emerges from the Twisted Machinery. Map ----- +----------------------------------------------------+ | ?????????????????????????????????????????????????? | | ?????????????????????????????????????????????????? | | ?????????????????????????????????????????????????? | | ?????????????????????????????????????????????????? | | ?????????????????????????????????????????????????? | | ?????????????????????????????????????????????????? | | ?????????????????????????????????????????????????? | | ????????????????????????"<"??????????????????????? | | ???????????????????????? ??????????????????????? | | ????????????????????????# #?????????????????????? | | ???????????????????????## #?????#####???????????? | | ???????????????????????# R #????# ???????????? | | ???????????????????????# R##??# ????????????? | | ?????????????????????### ### ????????????? | | ?????????????????????# ?????????????? | | ??????????????????????# ??????????????? | | ???????????????????????# ???????????????? | | ????????????????????????# #????????????????? | | ????????????###????????## #?????????????????? | | ???????????## ???????## ##????????????????? | | ??????????## ?????### ###??????????????? | | ?????????## ?????# #??????????????? | | ????????## ?????# ### #??????????????? | | ???????## ?????# #??###??????????????? | | ??????## ####?# ##???????????????????? | | ?????## ### #@ #????????????????????? | | ?????# ## #???????????????????? | | ????? ?# " "## #???????????????????? | | ????? #?# " "" # #### "#???????????????????? | | ????? #?## ####??####???????????????????? | | ##??? #???# #######???????????????????????? | | #### #????# ##" ""##??????????????????????? | | # #???## " ""##?????????????????????? | | ##???# " """#?????????????????????? | | # #???# " "" "#?????????????????????? | | " #???#### "" #??????????????>???????? | | "# ######## " "##??????????????????????? | | ""# # ## "" ##???????????????????????? | | "" "" #????????????????????????? | | ## "" ##???????????????????????? | | ### ""## "" ###?????????????????????? | | ?# " ## ##????????????????????? | | ?# #### #????????????????????? | | ?# #??# ## "#???????????????????? | | ?# ##?# ## #??????????????????? | | ## ### ###""""""""#??????????????????? | | ### #?# #??????????????????? | | #### #?## #?????????????????? | | ### #??### ????????????????? | | # ####????###### ???????????????? | +----------------------------------------------------+ Best States ------------- Heat Dissipation 25 Energy Generation 15 Energy Capacity 250 Matter Stores 308 Matter Capacity 500 Sight Range 16 Terrain Scan Density 10 Evasion (%) 50 Item Schematics ----------------- None Robot Schematics ------------------ None Fabricated ------------ Nothing Repaired ---------- Nothing Studied --------- None Alien Tech Used ----------------- None Achievements -------------- Do Not Disturb Challenges ------------ None Game ------ Seed ExplosivePropulsionPit Manual? 0 Play Time 00:45:11 Cumulative 25.6 hours Start 2025.11.20 @ 20:28:32 End 2025.11.22 @ 13:49:10 Sessions 3 Manual Loads 0 Difficulty Rogue Special Mode None Game No. 33 Rogue 14 Adventurer 0 Explorer 19 Win Type - Total 0 Types 0/0/0/0/0/0/0/0/0/0 Lore% 21 Gallery% 23 Achievement% 19 Wizard Run 0 Options --------- Layout 0 ASCII 0 Keyboard 1 Movement Arrows Keybinds 0 Fullscreen 2 Font 18/SmallcapsGlow Map View 76x50 Zoom Use 0% Tactical HUD 1 Map Filters NONE Filters NONE Steam 1 RUN: 472bb5c8-6dcd-411f-bfb9-1acebbd6f73e